AoeStats
← ITA | MarknighT

Arabian Desert

509300813Analyzed
1v1 RM · 7d ago on Sep 26, 2026· 21m 46s· 2 players
Game mode
Random Map
Map size
Tiny (2 player)
Population
200
Speed
Normal
Resources
Standard
Victory
Conquest
Starting age
Dark Age
Ending age
Imperial Age
RankedLock teamsTeams togetherTeam positionsShared explorationLock speedFull tech treeHidden civsTurbo modeCheats
Victory
Defeat
🇮🇹 Vikings · Italy
1936
+11
🇨🇭 Turks · Switzerland
1823
-11
Wingardium Leviosa
6:00 Loom
8:46 Feudal Age
9:55 Double-Bit Axe
19:16 Bloodlines
22:11 Forging
ITA | MarknighT
6:29 Loom
8:47 Feudal Age
9:10 Man-at-Arms
12:20 Arson
15:36 Fletching
16:36 Scale Mail Armor
21:42 Castle Age
Connection lost

Rejoining the realm…

Still unreachable

The connection could not be restored.

Session expired

The server has moved on; the page needs a fresh start.